 Dungeon Crawl Stone Soup version 0.20.1-1-g8b1a95d (webtiles) character file.

1597 poirepourri the Archer (level 8, -7/73 HPs)
             Began as a Centaur Hunter on Nov 3, 2017.
             Was an Initiate of Okawaru.
             Mangled by an orc warrior
             ... wielding a +0 war axe
              (15 damage)
             ... on level 6 of the Dungeon.
             The game lasted 00:10:29 (6957 turns).

poirepourri the Archer (Centaur Hunter)             Turns: 6957, Time: 00:10:30

Health: -7/73      AC:  5    Str: 15    XL:     8   Next: 62%
Magic:  8/8        EV: 11    Int: 10    God:    Okawaru [......]
Gold:   122        SH:  0    Dex: 12    Spells: 7/7 levels left

rFire    x . .     SeeInvis .   b - +1 short sword
rCold    + + .     Gourm    .   (no shield)
rNeg     . . .     Faith    .   c - +0 leather armour
rPois    .         Spirit   .   r - +0 helmet
rElec    .         Reflect  .   (no cloak)
rCorr    .         Harm     .   (no gloves)
MR       .....                  (no barding)
Stlth    +.........             (no amulet)
Regen    0.3/turn               n - ring of ice
MPRegen  0.2/turn               h - ring of protection from cold

@: very quick
A: hooves 3, deformed body, speed 2, tough skin 3
a: Renounce Religion


You were on level 6 of the Dungeon.
You worshipped Okawaru.
Okawaru was noncommittal.
You were not hungry.

You visited 2 branches of the dungeon, and saw 7 of its levels.

You collected 122 gold pieces.

Inventory:

Hand Weapons
 a - a +2 shortbow
 b - a +1 short sword (weapon)
Armour
 c - a +0 leather armour (worn)
 i - a +0 ring mail of fire resistance
 r - a +0 helmet (worn)
 u - the +2 large shield of Weurugu {rN+, unknown}
   (You found it on level 5 of the Dungeon)

   It protects you from negative energy.
Jewellery
 h - a ring of protection from cold (right hand)
 n - a ring of ice (left hand)
 s - a +4 ring of intelligence
Wands
 f - a wand of enslavement (11/24)
Scrolls
 e - 4 scrolls of teleportation
 p - 3 scrolls of remove curse
Potions
 d - a potion of degeneration {unknown}
 j - a potion of flight {unknown}
 k - a potion of haste {unknown}
 l - a potion of berserk rage {unknown}
 o - 2 potions of heal wounds {unknown}
 t - a potion of agility {unknown}
Comestibles
 m - 3 bread rations


   Skills:
 - Level 7.1 Fighting
 - Level 9.0 Bows
 + Level 5.0 Dodging
 - Level 0.4 Stealth


You had 7 spell levels left.
You didn't know any spells.

Dungeon Overview and Level Annotations

Branches:
Dungeon (6/15)             Temple (1/1) D:5

Altars:
Ashenzari
Cheibriados
Dithmenos
Elyvilon
Fedhas
Gozag
Hepliaklqana
Kikubaaqudgha
Makhleb
Nemelex Xobeh
Okawaru
Qazlal
Ru
Sif Muna
Trog
Vehumet
Xom
Yredelemnul
The Shining One


Innate Abilities, Weirdness & Mutations

You have hooves in place of feet.
Armour fits poorly on your strangely shaped body.
You cover ground very quickly.
You have extremely tough skin. (AC +3)


Message History

The orc warrior is severely wounded.
The orc warrior closely misses you.
You hit the orc warrior. Your kick misses the orc warrior.
The orc warrior is almost dead.
The orc warrior hits you with a war axe!!
You hit the orc warrior but do no damage.
The orc warrior is almost dead.
The orc warrior hits you with a war axe!
* * * LOW HITPOINT WARNING * * *
You feel better. The orc warrior closely misses you.
You closely miss the orc warrior.
The orc warrior is almost dead.
The orc warrior hits you with a war axe!
* * * LOW HITPOINT WARNING * * *
You feel better.
The orc warrior hits you with a war axe!
* * * LOW HITPOINT WARNING * * *
You feel better.
The orc warrior hits you with a war axe!
You die...

#.# ########... #.#
#.## #.# #.# #.# ####.#
#.# ### ##.##.# #.#
##.## ##.#.#.# #.#
##.#.####.#..).##
#.#####.###............
#.....@## ##.##.....###
#######o###.###....##
##o#.## #.#.## ##o.#
#.### #..# #.# #..# #.#
#..# #.# #..# #.#
#(........


You could see an orc warrior and 2 orcs.

Vanquished Creatures
  The ghost of StonedInZion the Sneak, an amateur DEAE of Xom (D:5)
  Menkaure (D:4)
  A sky beast (D:5)
  A black bear (D:3)
  4 ogres
  A necrophage (D:6)
  A scorpion (D:4)
  A howler monkey (D:5)
  3 crimson imps
  An orc priest (D:4)
  5 orc wizards
  Crazy Yiuf (D:2)
  An iguana (D:3)
  2 worker ants
  Robin (D:4)
  A worker ant zombie (D:5)
  4 gnolls
  4 adders
  A shadow imp (D:5)
  An ooze (D:3)
  4 worms
  2 dart slugs
  2 leopard geckos
  10 orcs
  8 bats
  8 giant cockroaches
  21 goblins
  8 hobgoblins
  12 jackals
  2 quokkas
  2 ball pythons (D:2)
  9 frilled lizards
  4 kobolds
  7 rats
135 creatures vanquished.

Notes
Turn   | Place    | Note
-------+----------+-------------------------------------------
     0 | D:1      | poirepourri the Centaur Hunter began the quest for the Orb.
     0 | D:1      | Reached XP level 1. HP: 17/17 MP: 1/1
   200 | D:1      | Reached XP level 2. HP: 24/24 MP: 2/2
   218 | D:1      | Reached skill level 6 in Bows
   601 | D:2      | Reached XP level 3. HP: 26/29 MP: 3/3
  1020 | D:1      | Reached skill level 7 in Bows
  1487 | D:2      | Reached XP level 4. HP: 36/36 MP: 4/4
  1873 | D:2      | Reached skill level 8 in Bows
  2163 | D:2      | Found a runed door.
  2317 | D:2      | Noticed Crazy Yiuf
  2328 | D:2      | Killed Crazy Yiuf
  2382 | D:3      | Reached XP level 5. HP: 41/41 MP: 5/5
  2632 | D:3      | Found a shattered altar of Ashenzari.
  3176 | D:3      | Reached skill level 9 in Bows
  3259 | D:4      | Noticed Menkaure
  3267 | D:4      | Killed Menkaure
  3267 | D:4      | Reached XP level 6. HP: 28/52 MP: 6/6
  3315 | D:4      | Found a snail-covered altar of Cheibriados.
  3585 | D:4      | Reached skill level 5 in Fighting
  3596 | D:4      | Noticed Robin
  3602 | D:4      | Killed Robin
  3663 | D:4      | Reached XP level 7. HP: 61/61 MP: 7/7
  4529 | D:4      | Noticed a moth of wrath
  4544 | D:4      | Found a bloodstained altar of Trog.
  4738 | D:5      | Entered Level 5 of the Dungeon
  4803 | D:5      | Noticed StonedInZion's ghost (amateur DEAE)
  4830 | D:5      | Killed StonedInZion's ghost
  4830 | D:5      | Reached XP level 8. HP: 24/73 MP: 8/8
  5533 | D:5      | Found a sparkling altar of Nemelex Xobeh.
  5594 | D:5      | Found a staircase to the Ecumenical Temple.
  5603 | Temple   | Entered the Ecumenical Temple
  5726 | Temple   | Became a worshipper of Warmaster Okawaru
  6173 | D:5      | Got a distressingly furry large shield
  6705 | D:6      | Reached skill level 5 in Dodging
  6956 | D:6      | HP: 1/73 [orc warrior/war axe (12)]
  6957 | D:6      | Mangled by an orc warrior

Skill      XL: |  1  2  3  4  5  6  7  8 |
---------------+-------------------------+-----
Bows           | 6 7 8 9 |  9.0
Fighting       | 3 5 7 |  7.1
Dodging        | 2 5 |  5.0
Stealth        | |  0.4

Action                   |  1- 3 |  4- 6 |  7- 9 || total
-------------------------+-------+-------+-------++-------
Melee: Short sword       |     9 |    29 |   122 ||   160
       Kick              |       |     7 |    20 ||    27
 Fire: Shortbow          |    81 |   155 |   172 ||   408
  Use: Scroll            |     2 |     2 |     3 ||     7
       Potion            |     2 |       |     4 ||     6
  Eat: Bread ration      |     1 |       |       ||     1
       Royal jelly       |       |     1 |     1 ||     2
       Meat ration       |       |       |     1 ||     1
       Fruit             |       |       |     2 ||     2
Armor: Leather armour    |    14 |    19 |    67 ||   100
Dodge: Dodged            |    17 |    50 |   104 ||   171
